cohdb
Replays
Latest Replays
All Replays
Popular Replays
Top Player Replays
Match Explorer
How It Works
Community
CoH3 Stats
Reddit
Sign in to upload your games and track your stats! →
Sign in with Steam
Match 41378015
Unlisted
Match 41378015
Overview
Messages
Build Orders
End
Scout Squad
Engineer Squad
Construct Weapon Support Center
Construct Weapon Support Center
Selects Armored Battlegroup
Selects Veteran Crews
M1919 Machine Gun Team
M1919 Machine Gun Team
.30 cal Machine Gun
Construct Barracks
Selects M31 Recovery Vehicle
Riflemen Squad
.30 cal Machine Gun
Construct Medical Station
Infantry Support Center
Selects War Machine
Bazooka Squad
Selects Fast Deploy
Construct Motor Pool
M1 Anti-tank Gun Team
clackcalven
BIOHAZARD
0
0
Comments
sign in to comment!
No comments posted yet!